 Dungeon Crawl Stone Soup version 0.23.1 (webtiles) character file.

Game seed: 14898045755425764343

32 Lusmu the Grave Robber (level 3, 0/15 HPs)
             Began as a Felid Necromancer on Mar 14, 2019.
             Slain by a bat (1 damage)
             ... on level 2 of the Dungeon.
             The game lasted 00:05:35 (1949 turns).

Lusmu the Grave Robber (Felid Necromancer)          Turns: 1949, Time: 00:05:35

Health: 0/15       AC:  1    Str:  5    XL:     3   Next: 10%
Magic:  7/7        EV: 18    Int: 16    God:
Gold:   50         SH:  0    Dex: 16    Spells: 4/6 levels left
                                        Lives:  0   Deaths: 0

rFire    . . .     SeeInvis +     - Unarmed
rCold    . . .     Gourm    .   (shield unavailable)
rNeg     . . .     Faith    .   (armour unavailable)
rPois    .         Spirit   .   (helmet unavailable)
rElec    .         Reflect  .   (cloak unavailable)
rCorr    .         Harm     .   (gloves unavailable)
MR       .....                  (boots unavailable)
Stlth    +++.......             (no amulet)
HPRegen  0.05/turn              (no ring)
MPRegen  0.10/turn              (no ring)

@: quick
A: very small, no armour, no weapons or thrown items, stealth, claws 1, fangs 3,
see invisible, carnivore, speed 1, shaggy fur 1, slow metabolism 1, sharp paws
a: no special abilities


You were on level 2 of the Dungeon.
You were very full.

You visited 1 branch of the dungeon, and saw 2 of its levels.

You collected 50 gold pieces.

Inventory:

Scrolls
 a - a scroll of remove curse {unknown}
 f - a scroll of amnesia {unknown}
Potions
 d - a potion of magic
 e - a potion of brilliance {unknown}
 g - a potion of haste {unknown}
Comestibles
 b - 3 rations


   Skills:
 + Level 1.1 Fighting
 - Level 2.6 Dodging
 + Level 3.4 Stealth
 + Level 1.2 Unarmed Combat
 - Level 2.0 Spellcasting
 + Level 4.2 Necromancy


You had 4 spell levels left.
You knew the following spells:

 Your Spells              Type           Power        Failure   Level  Hunger
a - Pain                  Necr           ###.         3%          1    #......
b - Animate Skeleton      Necr           N/A          3%          1    #......

Your spell library contained the following spells:

 Spells                   Type           Power        Failure   Level  Hunger
 Vampiric Draining        Necr           ###.......   11%         3    ###....
 Regeneration             Chrm/Necr      #.........   26%         3    ###....
 Animate Dead             Necr           N/A          34%         4    #####..


Dungeon Overview and Level Annotations

Branches:
Dungeon (2/15)

Altars:


Innate Abilities, Weirdness & Mutations

You cannot wear armour.
You are incapable of wielding weapons or throwing items.
Your paws allow you to move quietly. (Stealth)
You have sharp claws.
You have razor-sharp teeth.
You have supernaturally acute eyesight. (SInv)
You are carnivorous and can eat meat at any time.
You cover ground quickly.
You are covered in fur. (AC +1)
You have a slow metabolism.
Your sharp claws are effective at attacking unaware monsters.


Message History

The bat barely misses you. The worker ant bites you.
* * * LOW HITPOINT WARNING * * *
The worker ant closely misses you.
A bat comes into view.
The jackal closely misses you.
A leopard gecko, a bat and a rat come into view.
The bat barely misses you. The bat hits you.
* * * LOW HITPOINT WARNING * * *
A bat comes into view.
The bat hits you but does no damage.
The bat moves out of view.
The bat hits you.
* * * LOW HITPOINT WARNING * * *
The bat hits you.
* * * LOW HITPOINT WARNING * * *
The rat barely misses you. The bat misses you. The bat misses you.
The bat hits you.
You die...

. l....b.# #b##..# ...
...# #....# #.##..## ...
...#.#....###.#.....
.... ....#.....h........
<....#........#######...
...#...#....# ... ...
#.a..###.
####.#.###........#
.......@bh....#####
.........r...##
......b.......#
..............#
..............#
..............#
..............#
..............#


You could see a jackal, 2 bats and a rat.

Vanquished Creatures
  2 oozes (D:1)
  4 bats (D:1)
  3 giant cockroaches (D:1)
  5 jackals
  A ball python (D:1)
  2 goblins (D:1)
  2 kobolds (D:1)
  2 rats (D:1)
21 creatures vanquished.

Vanquished Creatures (collateral kills)
  A hobgoblin (D:1)
  A kobold (D:1)
2 creatures vanquished.

Grand Total: 23 creatures vanquished

Notes
Turn   | Place    | Note
-------+----------+-------------------------------------------
     0 | D:1      | Lusmu the Felid Necromancer began the quest for the Orb.
     0 | D:1      | Reached XP level 1. HP: 7/7 MP: 4/4
     2 | D:1      | Learned a level 1 spell: Animate Skeleton
   649 | D:1      | Reached XP level 2. HP: 9/12 MP: 6/6
   929 | D:1      | Reached skill level 1 in Fighting
   929 | D:1      | Reached skill level 1 in Unarmed Combat
  1319 | D:1      | Reached XP level 3. HP: 6/15 MP: 4/7
  1949 | D:2      | Slain by a bat

Skill      XL: |  1  2 |
---------------+-------+-----
Stealth        | 3 |  3.4
Fighting       | 1 |  1.1
Unarmed Combat | 1 |  1.2
Dodging        | |  2.6
Spellcasting   | |  2.0
Necromancy     | |  4.2

Action                   || total
-------------------------++-------
Melee: Unarmed           ||    47
       Bite              ||     2
 Cast: Pain              ||    16
       Animate Skeleton  ||     5
  Use: Scroll            ||     2
 Stab: Sleeping          ||     5
  Eat: Chunk             ||     9
Armor: Skin              ||     3
Dodge: Dodged            ||    84
